 Dungeon Crawl Stone Soup version 0.15.0-13-gb296d5c (webtiles) character file.

130 Kashira the Sneak (level 5, -7/43 HPs)
             Began as a Naga Enchanter on Sept 3, 2014.
             Mangled by a gnoll
             ... wielding a +0 halberd
              (9 damage)
             ... on Level 3 of the Dungeon.
             The game lasted 00:12:44 (2149 turns).

Kashira the Sneak (Naga Enchanter)                  Turns: 2149, Time: 00:12:44

HP  -7/43        AC  4     Str 10      XL: 5   Next: 14%
MP   2/11        EV 10     Int 15      God:
Gold 122         SH  0     Dex 13      Spells:  4 memorised,  1 level left

rFire  . . .     SeeInvis +     e - +0 whip
rCold  . . .     Clarity  .     b - +1 robe
rNeg   . . .     rCorr    .     (no shield)
rPois  +         rRot     .     (no helmet)
rElec  .         Spirit   .     (no cloak)
SustAb .         Warding  .     i - +0 pair of gloves
rMut   .         Stasis   .     (no barding)
Gourm  .                        (no amulet)
MR     .....                    (no ring)
                                (no ring)

@: very slow, not resistant to hostile enchantments, fairly stealthy
A: spit poison, see invisible, deformed body, poison resistance, slowness 2, AC
+1
a: Spit Poison


You were on level 3 of the Dungeon.
You were not hungry.

You visited 1 branch of the dungeon, and saw 3 of its levels.

You collected 122 gold pieces.

Inventory:

Hand weapons
 a - a +1 dagger
 e - a +0 whip (weapon)
Armour
 b - a +1 robe (worn)
 i - a +0 pair of gloves (worn)
Magical devices
 u - a wand of magic darts (8)
Comestibles
 d - a bread ration
 h - a beef jerky
 p - 2 meat rations
 v - a chunk of hobgoblin flesh
Scrolls
 f - 2 scrolls of identify
 j - 3 scrolls of remove curse {unknown}
 l - a scroll of enchant armour {unknown}
 m - 2 scrolls of amnesia {unknown}
 n - 3 scrolls of recharging {unknown}
Potions
 g - 2 potions of curing {unknown}
 k - a potion of brilliance {unknown}
 o - a potion of cancellation {unknown}
 q - a potion of restore abilities {unknown}
 r - a potion of lignification {unknown}
 t - 2 potions of haste {unknown}
 w - 2 potions of poison {unknown}
Books
 c - a book of Maledictions

   Spells                             Type                      Level
   *Corona                            Hexes                        1
   Sure Blade                         Hexes/Charms                 2
   Ensorcelled Hibernation            Hexes/Ice                    2
   *Confuse                           Hexes                        3
   *Dazzling Spray                    Conjuration/Hexes            3
   Enslavement                        Hexes                        4
 s - a book of Geomancy

   Spells                             Type                      Level
   Sandblast                          Earth                        1
   *Stoneskin                         Transmutation/Earth          2
   Passwall                           Transmutation/Earth          3
   Stone Arrow                        Conjuration/Earth            3
   Petrify                            Transmutation/Earth          4
   Lee's Rapid Deconstruction         Earth                        5


   Skills:
 + Level 0.8 Fighting
 - Level 1.0 Short Blades
 + Level 0.6 Maces & Flails
 + Level 2.3 Dodging
 - Level 4.4 Stealth
 + Level 3.0 Spellcasting
 + Level 0.4 Conjurations
 + Level 4.1 Hexes


You had one spell level left.
You knew the following spells:

 Your Spells              Type           Power        Failure   Level  Hunger
a - Corona                Hex            ##.....      4%          1    #......
b - Dazzling Spray        Conj/Hex       #.......     24%         3    ###....
c - Confuse               Hex            ##......     14%         3    ###....
d - Stoneskin             Trmt/Erth      #.......     34%         2    ##.....


Dungeon Overview and Level Annotations

Branches:
Dungeon (3/15)

Altars:
Ashenzari


Innate Abilities, Weirdness & Mutations

You cannot wear boots.
You can spit poison.
Your serpentine skin is tough (AC +1).
You have supernaturally acute eyesight.
Armour fits poorly on your strangely shaped body.
Your system is resistant to poisons.
You cover ground very slowly.


Message History

Evoke which item? (* to show all) (? for menu, Esc to quit)
Zapping:
u - a wand of magic darts (9)
Press: ? - help, Shift-Dir - straight line, f/p - gnoll
Aim: a gnoll, wielding a halberd (moderately wounded)
The magic dart hits the gnoll.
The gnoll is severely wounded.
This wand has 8 charges left.
The gnoll hits you from afar with a halberd.
The quokka closely misses you. The gnoll hits you but does no damage.
The quokka bites you but does no damage.
The gnoll barely misses you.
You have got your breath back.
The quokka bites you.
* * * LOW HITPOINT WARNING * * *
The gnoll hits you but does no damage. The quokka closely misses you.
The gnoll hits you!
* * * LOW HITPOINT WARNING * * *
The gnoll hits you from afar with a halberd!
You die...

#........%.....#.#
#..............#.#
#.....#####....#.# #.....
##...#.# ..... #...#.# ...
#.g.#.# .. #..g#'#####
#.rg......# #.@.......#
#.........# #.........######
#..............#
####...#+####.....# ####
...##...#...#.# #.....#
#.............###...# #.....#
#.............####..####.....##
#...........(.##..............#


You could see 3 gnolls and a quokka.

Vanquished Creatures
  3 adders
  A giant mite (D:2)
  3 worms
  A giant gecko (D:2)
  8 giant cockroaches
  13 hobgoblins
  2 jackals (D:1)
  10 kobolds
  4 quokkas
  6 bats
  3 giant newts
  9 goblins
  9 rats
72 creatures vanquished.

Notes
Turn   | Place    | Note
--------------------------------------------------------------
     0 | D:1      | Kashira, the Naga Enchanter, began the quest for the Orb.
     0 | D:1      | Reached XP level 1. HP: 15/15 MP: 3/3
   208 | D:1      | Reached XP level 2. HP: 14/22 MP: 2/4
   485 | D:1      | Reached XP level 3. HP: 21/28 MP: 3/6
   490 | D:1      | Learned a level 3 spell: Dazzling Spray
   494 | D:1      | Learned a level 3 spell: Confuse
  1026 | D:2      | Reached XP level 4. HP: 37/37 MP: 6/8
  1468 | D:2      | Found a shattered altar of Ashenzari.
  1964 | D:3      | Reached XP level 5. HP: 43/43 MP: 3/11
  2108 | D:3      | Learned a level 2 spell: Stoneskin
  2148 | D:3      | HP: 2/43 [gnoll (9)]
  2149 | D:3      | Mangled by a gnoll

Action                   |  1- 3 |  4- 6 || total
-------------------------+-------+-------++-------
Melee: Whip              |    45 |    41 ||    86
       Dagger            |     7 |       ||     7
 Cast: Corona            |    19 |    10 ||    29
       Dazzling Spray    |       |    15 ||    15
       Confuse           |       |     2 ||     2
 Abil: Spit Poison       |    48 |    42 ||    90
Evoke: Wand              |       |     2 ||     2
  Use: Scroll            |       |     1 ||     1
 Stab: Sleeping          |     2 |       ||     2
  Eat: Chunk             |     3 |     9 ||    12
